 Dungeon Crawl Stone Soup version bcrawl-1.41.1 (webtiles) character file.

Game seed: 3702377716358445681

116733 Grimmash the Sneak (level 4, -1/39 HPs)
             Began as a Naga Archaeologist on Apr 18, 2024.
             Killed by divine providence
             ... invoked by an orc priest
              (12 damage)
             ... on level 3 of the Dungeon.
             The game lasted 00:02:10 (1772 turns).

Grimmash the Sneak (Naga Archaeologist)             Turns: 1772, Time: 00:02:11

Health: -1/39      AC:  4    Str: 15    XL:     4   Next: 13%
Magic:  1/4        EV: 10    Int: 14    God:
Gold:   191        SH:  0    Dex:  9    Spells: 3/3 levels left

rFire    . . .     GDR:     22% a - +2 spear (flame)
rCold    . . .     SeeInvis +   (no shield)
rNeg     . . .     Gourm    .   c - +1 robe
rPois    +         Faith    .   d - +1 hat
rElec    .         Spirit   .   (no cloak)
rCorr    .         Reflect  .   (no gloves)
MR       .....                  (no barding)
Stlth    +++.......             (no amulet)
HPRegen  0.16/turn              (no ring)
MPRegen  0.09/turn              (no ring)

@: very slow
A: large, tail, swims, see invisible, deformed body, poison resistance, slowness
2, slow metabolism 1, spit poison 1, AC +1
a: Spit Poison


You were on level 3 of the Dungeon.
You were not hungry.

You visited 1 branch of the dungeon, and saw 3 of its levels.

You collected 191 gold pieces.

Inventory:

Hand Weapons
 a - a +2 spear of flaming (weapon)
 b - a +0 blowgun
Missiles
 f - 6 curare-tipped needles
 q - 143 poisoned tomahawks (quivered)
Armour
 c - a +1 robe (worn)
 d - a +1 hat (worn)
Scrolls
 g - a scroll of revelation
 i - 2 scrolls of identify
 m - 3 scrolls of amnesia {unknown}
 n - a scroll of remove curse {unknown}
 o - 2 scrolls of teleportation {unknown}
 r - a scroll of fear {unknown}
Miscellaneous
 h - a dusty tome
Comestibles
 e - 7 rations {!d}


   Skills:
 * Level 1.6 Fighting
   Level 1.6 Maces & Flails
 * Level 1.0 Polearms
 * Level 1.0 Armour
 + Level 2.7 Dodging
 + Level 5.5 Stealth


You had 3 spell levels left.
You didn't know any spells.
Your spell library was empty.

Dungeon Overview and Level Annotations

Branches:
Dungeon (3/12)

Altars:
Trog
Uskayaw

Annotations:
D:2 1 runed door


Innate Abilities, Weirdness & Mutations

You cannot wear boots.
You can swim through water.
Your serpentine skin is tough. (AC +1)
You have supernaturally acute eyesight. (SInv)
Armour fits poorly on your strangely shaped body.
Your system is resistant to poisons. (rPois)
You cover ground very slowly.
You have a slow metabolism.
You can spit poison.


Message History

Beogh smites you!
You hear a shout!
No path to travel!
You hit the orc priest. You burn the orc priest.
The orc priest is moderately wounded.
The orc priest hits you.
* * * LOW HITPOINT WARNING * * *
No path to travel!
Evoke which item? (* to show all) (? for menu, Esc to quit)
Okay, then.
Throwing (i - inventory)
q - 144 poisoned tomahawks (quivered)
Press: ? - help, Shift-Dir - straight line, f - orc priest
Aim: an orc priest (moderately wounded)
You throw a poisoned tomahawk.
The poisoned tomahawk hits the orc priest.
The orc priest is poisoned.
The orc priest is heavily wounded.
The orc priest mumbles some strange prayers to Beogh against you.
Beogh smites you!
You die...

# #.#...#)#.#######
.###.#....)#..........
..........##.#.#######
..#.##.....).......
#..#.##.#.#####
#..#.##.#.#
##+#..#.##.#.#
#.....#.##.#
+..@..#.##.#
#..o.##....#
##.####..... †o ###
.†. ..$. ..†._ .#†...


You could see 2 orc priests.

Vanquished Creatures
  An orc wizard (D:3)
  5 orcs
  3 giant cockroaches
  5 hobgoblins
  A jackal (D:2)
  A quokka (D:3)
  2 ball pythons
  3 bats
  A frilled lizard (D:1)
  2 goblins (D:2)
  A kobold (D:2)
  3 rats
28 creatures vanquished.

Notes
Turn   | Place    | Note
-------+----------+-------------------------------------------
     0 | D:1      | Grimmash the Naga Archaeologist began the quest for the
                  | Orb.
     0 | D:1      | Reached XP level 1. HP: 18/18 MP: 1/1
   235 | D:1      | Reached skill level 5 in Stealth
   469 | D:1      | Reached XP level 2. HP: 25/25 MP: 2/2
  1236 | D:2      | Reached XP level 3. HP: 28/31 MP: 3/3
  1408 | D:2      | Found a runed door.
  1508 | D:2      | Found a bloodstained altar of Trog.
  1629 | D:3      | HP: 1/31 [orc wizard/magic dart (3)]
  1642 | D:3      | Reached skill level 1 in Armour
  1642 | D:3      | Reached XP level 4. HP: 10/38 MP: 4/4
  1764 | D:3      | Found a hide-covered altar of Uskayaw.
  1770 | D:3      | Reached skill level 1 in Polearms
  1772 | D:3      | Killed from afar by an orc priest

Skill      XL: |  1  2  3  4 |
---------------+-------------+-----
Stealth        | 5 |  5.5
Armour         | 1 |  1.0
Polearms       | 1 |  1.0
Fighting       | |  1.6
Maces & Flails | |  1.6
Dodging        | |  2.7

Action                   |  1- 3 |  4- 6 || total
-------------------------+-------+-------++-------
Melee: Whip              |    66 |       ||    66
       Spear             |    22 |     7 ||    29
Throw: Tomahawk          |     1 |     3 ||     4
 Abil: Spit Poison       |     2 |       ||     2
  Use: Potion            |     2 |       ||     2
       Scroll            |     1 |       ||     1
 Stab: Sleeping          |     6 |       ||     6
  Eat: Chunk             |     4 |     1 ||     5
Armor: Robe              |    33 |       ||    33
       Skin              |     8 |       ||     8
Dodge: Dodged            |    58 |     2 ||    60
